cohdb
Replays
Latest Replays
All Replays
Popular Replays
Top Player Replays
Match Explorer
How It Works
Community
CoH3 Stats
Reddit
Sign in to upload your games and track your stats! →
Sign in with Steam
Match 41446776
Unlisted
Match 41446776
Overview
Messages
Build Orders
End
Panzerpioneer Squad
Panzergrenadier Squad
250 Light Carrier
Construct Light Support Kompanie
Panzerjäger Squad
Fire Support Elements
Selects Italian Infantry
Selects Guastatori Squad
Guastatori Squad
Flakvierling Half-track
2.5-tonne Medical Truck
Pak 38 Mechanized Group
Combat Half-tracks
MG34 Team
Selects Sound the Alarm
Selects Prepared Positions
Construct Panzerarmee Kommand
Pak 38 Mechanized Group
Guastatori Squad
Guastatori Squad
PumaDog
Dave
김치워리어
Sabom
Bluedragon
g0ldL1ght
0
0
Comments
sign in to comment!
No comments posted yet!